 Dungeon Crawl Stone Soup version 0.27-a0-906-g0a00ce863d (webtiles) character file.

Game seed: 14344824818898254053

49 Zeld the Gusty (level 3, 0/20 HPs)
             Began as a Tengu Air Elementalist on Apr 8, 2021.
             Slain by an adder (2 damage)
             ... on level 1 of the Dungeon.
             The game lasted 00:05:42 (1176 turns).

Zeld the Gusty (Tengu Air Elementalist)             Turns: 1176, Time: 00:05:42

Health: 0/20       AC:  4    Str:  8    XL:     3   Next: 77%
Magic:  6/7        EV: 12    Int: 16    God:
Gold:   60         SH:  0    Dex: 14    Spells: 0/6 levels left

rFire    . . .     SeeInvis .   (no weapon)
rCold    . . .     Faith    .   (no shield)
rNeg     . . .     Spirit   .   a - +0 robe
rPois    .         Reflect  .   d - +2 hat
rElec    .         Harm     .   (no cloak)
rCorr    .         Rampage  .   (no gloves)
Will     .....                  (boots unavailable)
Stlth    ++........             b - amulet of magic regeneration
HPRegen  0.06/turn              (no ring)
MPRegen  0.35/turn              (no ring)

@: no status effects
A: beak, talons 3
a: no special abilities


You were on level 1 of the Dungeon.
You visited 1 branch of the dungeon, and saw 2 of its levels.

You collected 60 gold pieces.

Inventory:

Armour
 a - a +0 robe (worn)
 d - a +2 hat (worn)
Jewellery
 b - an amulet of magic regeneration (around neck)
Scrolls
 e - 2 scrolls of amnesia {unknown}
 f - a scroll of teleportation {unknown}
Potions
 c - a potion of mutation {unknown}
 g - a potion of haste {unknown}
 h - a potion of curing {unknown}


   Skills:
 * Level 1.3 Fighting
 + Level 2.6 Dodging
 + Level 2.3 Stealth
 * Level 2.4 Spellcasting
 - Level 1.3 Conjurations
 * Level 4.6 Air Magic


You couldn't memorise any spells.
You knew the following spells:

 Your Spells              Type           Power      Damage    Failure   Level
a - Shock                 Conj/Air       44%        1d5       6%          1
b - Swiftness             Air            16%        N/A       4%          2
c - Static Discharge      Conj/Air       11%        N/A       17%         3

Your spell library contained the following spells:

 Spells                   Type           Power      Damage    Failure   Level
 Airstrike                Air            8%         N/A       28%         4
 Lightning Bolt           Conj/Air       5%         1d17      85%         5


Dungeon Overview and Level Annotations

Branches:
Dungeon (2/15)

Altars:


Innate Abilities, Weirdness & Mutations

You have a beak for a mouth.
You have claws for feet.


Message History

The quokka bites you but does no damage.
The ball python bites you but does no damage.
The ball python misses you. The adder barely misses you.
The quokka completely misses you.
You climb upwards.
There is a stone staircase leading down here.
Casting: Shock (safe; 6% risk of failure)
Confirm with . or Enter, or press ? or * to list all spells.
Aiming: Shock (safe; 6% risk of failure)
Press: ? - help, Shift-Dir - straight line, f - adder
Aim: an adder (52% to evade)
The zap hits the adder.
The adder is moderately wounded.
The adder bites you but does no damage. The ball python bites you.
The ball python grabs you. The ball python constricts you.
The quokka bites you.
* * * LOW HITPOINT WARNING * * *
The adder closely misses you. The ball python bites you.
* * * LOW HITPOINT WARNING * * *
The ball python constricts you.
Unknown command.
Sorry, you're not good enough to have a special ability.
Casting: Shock (safe; 6% risk of failure)
Confirm with . or Enter, or press ? or * to list all spells.
Aiming: Shock (safe; 6% risk of failure)
Press: ? - help, Shift-Dir - straight line, f/p - adder
Aim: an adder (moderately wounded, 52% to evade)
The zap hits the adder.
The adder is severely wounded.
The quokka completely misses you. The adder misses you.
The ball python closely misses you. The ball python constricts you.
You escape the ball python's grasp.
The adder closely misses you.
The quokka bites you but does no damage.
The quokka bites you.
* * * LOW HITPOINT WARNING * * *
You miss the adder.
The adder is severely wounded.
The adder misses you. The ball python closely misses you. x2
The quokka closely misses you. The adder bites you.
You die...

..........# ##.#.#
........### ##....#
####....# ##.....##
...#....#### #.......#
.⌠.###..##.## #.......#
.....#..#.#.###.......#
.<.⌠.+.#.###.#>......##
.....#..#.#.##.rSS..##
.⌠.###..##.###.#@####
...#....##.# #.#.#
####....##.# #.#.#
........##.# #.#.#
.#.###..##.###.#.#
...........#.....#
..#####.####.#.#.# #.#
#.##.......#
..#####.##.#.#.#.#


You could see an adder, a quokka and a ball python.

Vanquished Creatures
  An adder (D:2)
  2 worms (D:2)
  A dart slug (D:1)
  A bat (D:2)
  4 endoplasms
  2 giant cockroaches (D:1)
  2 goblins
  2 hobgoblins
  2 jackals (D:1)
  2 quokkas (D:1)
  2 ball pythons (D:1)
  2 frilled lizards (D:2)
  4 kobolds
  4 rats (D:1)
31 creatures vanquished.

Notes
Turn   | Place    | Note
-------+----------+-------------------------------------------
     0 | D:1      | Zeld the Tengu Air Elementalist began the quest for the
                  | Orb.
     0 | D:1      | Reached XP level 1. HP: 10/10 MP: 4/4
   216 | D:1      | Reached XP level 2. HP: 16/16 MP: 4/6
   222 | D:1      | Learned a level 2 spell: Swiftness
   307 | D:1      | Reached skill level 1 in Fighting
   605 | D:1      | Reached XP level 3. HP: 20/20 MP: 4/7
   609 | D:1      | Learned a level 3 spell: Static Discharge
  1176 | D:1      | Slain by an adder

Illustrated notes

Levels and vault maps discovered:
D:1:      dpeg_arrival_simpleton_c, layout_loops_ring
D:2:      layout_rooms

Skill      XL: |  1  2 |
---------------+-------+-----
Fighting       | 1 |  1.3
Dodging        | |  2.6
Stealth        | |  2.3
Spellcasting   | |  2.4
Conjurations   | |  1.3
Air Magic      | |  4.6

Action                   || total
-------------------------++-------
Melee: Unarmed           ||    13
       Kick              ||     4
       Peck              ||     2
 Cast: Shock             ||    68
       Swiftness         ||     1
       Static Discharge  ||     1
Armor: Robe              ||     6
Dodge: Dodged            ||    26

Table legend: (Time is in decaauts)
 A = Elapsed time spent in this place.
 B = Non-inter-level travel time spent in this place.
 C = Inter-level travel time spent in this place.
 D = Time resting spent in this place.
 E = Time spent auto-exploring this place.
 F = Levels seen in this place.
 G = Mean time per level.
                   A        B        C        D        E       F      G
               +--------+--------+--------+--------+--------+-----+--------+
         Total |   1177 |   1167 |     10 |      0 |     36 |   2 |  588.5 |
       Dungeon |   1177 |   1167 |     10 |      0 |     36 |   2 |  588.5 |
               +--------+--------+--------+--------+--------+-----+--------+

Top non-repeatable levels by time:
     D:1: 846 daAuts
     D:2: 330 daAuts
